 Dungeon Crawl Stone Soup version 0.28.0-53-g5a82cb258f (webtiles) character file.

Game seed: 6616987504225928393

1543 Godmorgon the Basher (level 8, 0/73 HPs)
             Began as a Minotaur Fighter on Aug 14, 2022.
             Was a Believer of Okawaru.
             Slain by an iguana (5 damage)
             ... on level 7 of the Dungeon.
             The game lasted 00:24:44 (6470 turns).

Godmorgon the Basher (Minotaur Fighter)             Turns: 6470, Time: 00:24:44

Health: 0/73       AC: 14    Str: 23    XL:     8   Next: 56%
Magic:  7/7        EV:  9    Int:  7    God:    Okawaru [**....]
Gold:   19         SH:  0    Dex: 10    Spells: 7/7 levels left

rFire   . . .      SeeInvis .   a - +5 dire flail (holy)
rCold   . . .      Faith    .   (shield currently unavailable)
rNeg    . . .      Spirit   .   b - +0 scale mail
rPois   .          Reflect  .   (helmet restricted)
rElec   .          Harm     .   l - +4 cloak "Moraux" {Int+2}
rCorr   .          Rampage  .   p - +0 pair of gloves
Will    .....                   h - +0 pair of boots
Stlth   ..........              (no amulet)
HPRegen 0.22/turn               (no ring)
MPRegen 0.10/turn               (no ring)

@: no status effects
A: horns 2, retaliatory headbutt
a: Renounce Religion, Heroism


You were on level 7 of the Dungeon.
You worshipped Okawaru.
Okawaru was pleased with you.
You visited 2 branches of the dungeon, and saw 8 of its levels.
You also visited: Sewer.

You collected 298 gold pieces.
You spent 279 gold pieces at shops.

Inventory:

Hand Weapons
 a - a +5 dire flail of holy wrath (weapon)
Missiles
 t - 2 javelins
 u - 11 poisoned darts (quivered)
 x - 3 boomerangs
Armour
 b - a +0 scale mail (worn)
 c - a +0 buckler
 g - a +0 plate armour
 h - a +0 pair of boots (worn)
 l - the +4 cloak "Moraux" (worn) {Int+2}
   (You found it on level 2 of the Dungeon)

   Int:       It affects your intelligence (+2).
 p - a +0 pair of gloves (worn)
Wands
 v - a wand of flame (12)
Scrolls
 e - 3 scrolls of magic mapping {unknown}
 f - 5 scrolls of teleportation
 i - 4 scrolls of fog
 n - a scroll of immolation {unknown}
 q - a scroll of fear {unknown}
 r - 2 scrolls of enchant weapon
 s - 3 scrolls of blinking
 y - a scroll of summoning {unknown}
Potions
 d - 2 potions of might
 j - 2 potions of magic
 k - 2 potions of invisibility
 m - a potion of attraction {unknown}
 o - 4 potions of curing {unknown}
 w - 3 potions of berserk rage {unknown}
 z - a potion of cancellation {unknown}
 A - a potion of mutation {unknown}
 B - 2 potions of haste
 C - a potion of degeneration {unknown}


   Skills:
 + Level 7.5 Fighting
 * Level 9.7 Maces & Flails
 * Level 4.7 Throwing
 - Level 3.6 Armour
 - Level 3.6 Shields


You had 7 spell levels left.
You didn't know any spells.
Your spell library was empty.

Dungeon Overview and Level Annotations

Branches:
Dungeon (7/15)             Temple (1/1) D:4           Sewer (visited)

Altars:
Ashenzari
Dithmenos
Elyvilon
Fedhas
Gozag
Hepliaklqana
Kikubaaqudgha
Makhleb
Nemelex Xobeh
Okawaru
Qazlal
Ru
Sif Muna
Trog
Uskayaw
Vehumet
Wu Jian
Xom
Yredelemnul
Zin
The Shining One

Shops:
D:3 *   D:5 (   D:6 !


Innate Abilities, Weirdness & Mutations

You have a pair of horns on your head.
You reflexively headbutt those who attack you in melee.


Message History

The orc warrior is severely wounded.
The iguana barely misses you.
The orc warrior hits you but does no damage.
The orc priest closely misses you. The kobold closely misses you.
You furiously retaliate!
You headbutt the kobold!
You kill the kobold!
Okawaru accepts your kill.
You closely miss the orc warrior.
The orc warrior is severely wounded.
The kobold misses you. You furiously retaliate!
You headbutt the kobold.
You kill the kobold!
Okawaru accepts your kill. The iguana closely misses you.
You furiously retaliate!
You headbutt the iguana!
The orc warrior hits you with a +0 mace.
The orc priest calls down the wrath of Beogh upon you.
Beogh smites you!
You closely miss the orc warrior.
The orc warrior is severely wounded.
The iguana bites you.
You hit the orc warrior but do no damage.
You headbutt the orc warrior.
The orc warrior is almost dead.
The orc warrior hits you with a +0 mace!
* * * LOW HITPOINT WARNING * * *
The orc priest hits you but does no damage.
The iguana bites you.
* * * LOW HITPOINT WARNING * * *
You hit the orc warrior.
The orc warrior is almost dead.
The orc warrior hits you but does no damage.
The orc priest hits you from afar with a +0 trident.
* * * LOW HITPOINT WARNING * * *
You feel much better. The iguana bites you.
* * * LOW HITPOINT WARNING * * *
The orc warrior hits you with a +0 mace!
* * * LOW HITPOINT WARNING * * *
The orc priest hits you but does no damage.
The iguana bites you.
You die...

.......#
#......######
#........... ##
#..........
...#........#
.......#...<
..........#####.#
.......)ol@.....#
......)..o.######
......))).....#
..............#
..............#
..###(........# .
#.........#
#.........#
#######..##


You could see an orc warrior, an iguana and an orc priest.

Vanquished Creatures
  A sky beast (D:3)
  A necrophage (D:3)
  An ice beast (D:4)
  4 ogres
  Blork the orc (D:4)
  A kobold brigand (D:7)
  2 bullfrogs (Sewer)
  A scorpion (D:6)
  A howler monkey (D:5)
  2 bullfrog zombies (D:6)
  3 hounds
  An orc priest (D:5)
  A bullfrog skeleton (D:6)
  Jessica (D:2)
  A killer bee zombie (D:6)
  A howler monkey zombie (D:5)
  Robin (D:3)
  8 adders
  2 river rats (D:6)
  A shadow imp (D:5)
  An ufetubus (D:6)
  A worm (D:5)
  2 dart slugs
  11 orcs
  18 endoplasms
  11 giant cockroaches
  22 goblins
  5 hobgoblins
  9 jackals
  12 kobolds
  16 quokkas
  10 ball pythons
  10 bats
  9 frilled lizards
  8 rats
180 creatures vanquished.

Notes
Turn   | Place    | Note
-------+----------+-------------------------------------------
     0 | D:1      | Godmorgon the Minotaur Fighter began the quest for the Orb.
     0 | D:1      | Reached XP level 1. HP: 19/19 MP: 0/0
    57 | D:2      | Reached skill level 3 in Maces & Flails
    57 | D:2      | Reached XP level 2. HP: 24/27 MP: 1/1
    71 | D:3      | Found a faded altar of an unknown god.
   344 | D:4      | Noticed an ice beast
   347 | D:4      | Noticed an ogre
   413 | D:4      | Reached XP level 3. HP: 12/33 MP: 2/2
   616 | D:4      | Noticed a necrophage
   634 | D:3      | Killed a necrophage
   635 | D:3      | Reached skill level 5 in Maces & Flails
   635 | D:3      | Reached XP level 4. HP: 40/41 MP: 3/3
   635 | D:3      | Noticed a sky beast
   695 | D:4      | Found a staircase to the Ecumenical Temple.
   705 | D:4      | Reached skill level 5 in Fighting
   705 | D:4      | Reached XP level 5. HP: 39/48 MP: 4/4
   713 | Temple   | Entered the Ecumenical Temple
  1072 | Temple   | Became a worshipper of Warmaster Okawaru
  2156 | D:2      | Identified the +4 cloak "Moraux" {Int+2}
  2242 | D:2      | Noticed Jessica
  2250 | D:2      | Killed Jessica
  2251 | D:2      | Reached skill level 6 in Maces & Flails
  2894 | D:3      | Found Rukyrokh's General Store.
  2901 | D:3      | Bought a scroll of identify for 24 gold pieces
  3031 | D:3      | Noticed an ogre
  3241 | D:3      | Killed an ogre
  3242 | D:3      | Reached XP level 6. HP: 34/57 MP: 5/5
  3529 | D:3      | Noticed Robin
  3566 | D:3      | Reached skill level 7 in Maces & Flails
  3605 | D:3      | Killed Robin
  3684 | D:3      | Bought a scroll of blinking for 90 gold pieces
  3979 | D:3      | Killed a sky beast
  4148 | D:4      | Killed an ice beast
  4148 | D:4      | Reached * piety under Okawaru
  4149 | D:4      | Reached skill level 1 in Throwing
  4149 | D:4      | Reached XP level 7. HP: 63/63 MP: 6/6
  4164 | D:4      | Reached skill level 8 in Maces & Flails
  4518 | D:4      | Noticed Blork the orc
  4527 | D:4      | Killed Blork the orc
  4589 | D:5      | Entered Level 5 of the Dungeon
  4599 | D:5      | Found Poaba's Antique Weapon Shop.
  5328 | D:6      | Reached XP level 8. HP: 71/71 MP: 7/7
  5370 | D:6      | Reached ** piety under Okawaru
  5371 | D:6      | Reached skill level 9 in Maces & Flails
  5451 | D:6      | Found a basalt altar of Yredelemnul.
  5454 | D:6      | Found Gaxzad's Distillery.
  5681 | D:6      | Found a glowing drain.
  5747 | Sewer    | Entered a sewer
  6379 | D:6      | Bought a potion of haste for 110 gold pieces
  6379 | D:6      | Bought a potion of heal wounds for 55 gold pieces
  6470 | D:7      | Slain by an iguana

Illustrated notes

Levels and vault maps discovered:
D:1:      dpeg_arrival_pond, layout_loops_ring
D:2:      layout_basic, hangedman_abyss_or_decor_lesser_grid, uniq_jessica
D:3:      kennysheep_goblin_castle, layout_loops_ring, serial_shops,
          nicolae_shop_crystal, nicolae_ecumenical_pavilion, minmay_puff
D:4:      layout_rooms, minmay_temple_entry_drinking_statues, uniq_robin,
          uniq_blork_the_orc
D:5:      layout_cave_pods, minmay_shop_grid_forest
D:6:      layout_loops_cross, mainiacjoe_overflow_tiny_flanked, serial_shops,
          shop, portal_sewer_entry_e
D:7:      gammafunk_beogh_shrine, layout_basic, mainiacjoe_overflow_24_doors,
          enter_ossuary_4, serial_rivers, chequers_serial_rivers_large_b,
          chequers_serial_rivers_micro_c, chequers_serial_rivers_small_3,
          chequers_serial_rivers_small_b, chequers_serial_rivers_micro_b,
          enter_bailey_4
Temple:   mainiacjoe_temple_big_plus

Skill      XL: |  1  2  3  4  5  6  7  8 |
---------------+-------------------------+-----
Maces & Flails | 3 5 6 7 8 9 |  9.7
Fighting       | 4 5 6 7 |  7.5
Throwing       | 1 3 4 |  4.7
Armour         | |  3.6
Shields        | |  3.6

Action                   |  1- 3 |  4- 6 |  7- 9 || total
-------------------------+-------+-------+-------++-------
Melee: Flail             |    39 |   171 |     6 ||   216
       Headbutt          |     7 |    26 |    22 ||    55
       Dire flail        |       |       |   183 ||   183
Throw: Dart              |       |       |     9 ||     9
Invok: Heroism           |       |       |     2 ||     2
  Use: Scroll            |       |     3 |     4 ||     7
       Potion            |       |       |     1 ||     1
Armor: Scale mail        |    16 |    83 |    87 ||   186
Dodge: Dodged            |    23 |    76 |   104 ||   203
Block: Buckler           |    11 |    28 |       ||    39
